 Dungeon Crawl Stone Soup version 0.31.0-12-g77e489cdc1 (webtiles) character file.

Game seed: 13206227594416373839

822362 qdestroyer the Conqueror (level 27, -1/222 (245) HPs)
             Began as a Minotaur Fighter on Feb 22, 2024.
             Was the Champion of the Shining One.
             Succumbed to a putrid mouth's dark miasma
             ... on level 6 of Tartarus.
             The game lasted 04:14:48 (82384 turns).

qdestroyer the Conqueror (Minotaur Fighter)        Turns: 82384, Time: 04:14:48

HP:   -1/222 (245)  AC: 52    Str: 38    XL:     27
MP:   35/35         EV: 17    Int:  5    God:    the Shining One [******]
Gold: 10471         SH: 25    Dex: 15    Spells: 26/26 levels left

rFire   + + +        x - +9 sacred scourge (holy)
rCold   + . .        Q - +0 tower shield
rNeg    + + +        p - +7 gold dragon scales
rPois   +            H - +1 hat of the Dropbear {Will+ Dex+2}
rElec   .            a - +2 cloak
rCorr   .            y - +5 pair of gloves "Ufounisk" {rF++}
SInv    .            M - +2 pair of boots {rampage}
Will    ++...        P - amulet of the Four Winds {rN+ Will+++ Clar} Stlth
                     N - +6 ring of strength
HPRegen 0.57/turn    k - +4 ring of slaying
MPRegen 0.24/turn

%: clarity, rampage
@: lethally poisoned (-1 -> -9), slowed, glowing, studying 3 skills, silenced,
drained, weak-willed, very slow
A: horns 2, retaliatory headbutt, iridescent scales 1, fire resistance 1, frail
1
}: 7/15 runes: decaying, slimy, silver, golden, obsidian, abyssal, gossamer
a: Renounce Religion


You were on level 6 of Tartarus.
You worshipped the Shining One.
The Shining One was exalted by your worship.
You visited 15 branches of the dungeon, and saw 68 of its levels.
You visited the Abyss 1 time.
You visited 1 bazaar.
You also visited: Sewer, Ossuary, Gauntlet and Wizlab.

You collected 12485 gold pieces.
You spent 2014 gold pieces at shops.

Inventory:

Hand Weapons
 x - a +9 sacred scourge of holy wrath (weapon)
 T - the +10 war axe of Eqaept {freeze, rN+}
   (You found it on level 3 of the Elven Halls)

   rN+:       It protects you from negative energy.
Armour
 a - a +2 cloak (worn)
 e - the +3 buckler "Kiafypn" {rCorr Int+3}
   (You found it on level 2 of the Swamp)

   Int+3:     It affects your intelligence (+3).
   rCorr:     It protects you from acid and corrosion.
 j - the +0 plate armour of Autotheism {Regen+ Str+7}
   (You bought it in a shop on level 4 of the Vaults)

   Str+7:     It affects your strength (+7).
   Regen+:    It increases your rate of health regeneration.
 p - +7 gold dragon scales (worn)
 y - the +5 pair of gloves "Ufounisk" (worn) {rF++}
   (You found it on level 4 of the Dungeon)

   rF++:      It greatly protects you from fire.
 z - a +2 kite shield
 H - the +1 hat of the Dropbear (worn) {Will+ Dex+2}
   (Okawaru gifted it to you on level 10 of the Dungeon)

   Dex+2:     It affects your dexterity (+2).
   Will+:     It increases your willpower.
 I - a +2 plate armour of willpower
 M - a +2 pair of boots of rampaging (worn)
 Q - a +0 tower shield (worn)
Jewellery
 c - an amulet of regeneration
 k - a +4 ring of slaying (right hand)
 n - a ring of resist corrosion
 q - the ring of Gesm {rElec rC+ rN+ Str+6 Int-5}
   (You took it off a centaur on level 6 of the Dungeon)

   [ring of strength]

   Str+6:     It affects your strength (+6).
   Int-5:     It affects your intelligence (-5).
   rC+:       It protects you from cold.
   rElec:     It insulates you from electricity.
   rN+:       It protects you from negative energy.
 F - a +6 ring of dexterity
 G - an amulet of reflection
 N - a +6 ring of strength (left hand)
 O - a ring of protection from fire
 P - the amulet of the Four Winds (around neck) {rN+ Will+++ Clar}
   (You found it on level 4 of the Swamp)

   [amulet of nothing]

   rN+:       It protects you from negative energy.
   Will+++:   It greatly increases your willpower.
   Clar:      It protects you from confusion, rage, mesmerisation and fear.
 W - a ring of flight
 X - the brooch of Shielding {Spirit SH+8}
   (You found it on level 4 of the Lair of Beasts)

   [amulet of guardian spirit]

   Spirit:    It causes incoming damage to be divided between your reserves of
   health and magic.
   SH+8:      It affects your SH (+8).
 Y - a ring of protection from cold
 Z - the ring "Kowem" {Fly Will++}
   (You took it off a balrug on level 7 of Gehenna)

   [ring of flight]

   Will++:    It greatly increases your willpower.
   Fly:       It grants you flight.
Wands
 u - a wand of digging (17)
Scrolls
 f - 10 scrolls of enchant weapon
 h - 3 scrolls of vulnerability
 i - 11 scrolls of teleportation
 o - a scroll of silence
 s - 4 scrolls of fog
 v - 10 scrolls of fear
 B - 12 scrolls of amnesia
 C - 6 scrolls of immolation
 E - a scroll of butterflies
 J - 11 scrolls of revelation
 K - 3 scrolls of blinking
 L - 4 scrolls of brand weapon
 S - 11 scrolls of poison
Potions
 d - 4 potions of might
 g - 14 potions of enlightenment
 l - 7 potions of berserk rage
 r - 7 potions of cancellation
 t - 4 potions of resistance
 w - 5 potions of attraction
 D - 25 potions of curing
 U - 6 potions of haste
Miscellaneous
 R - a figurine of a ziggurat


   Skills:
 O Level 27 Fighting
 - Level 26.7(27) Axes
 - Level 21.8(27) Maces & Flails
 O Level 27 Armour
 * Level 19.7 Dodging
 O Level 27 Shields
 + Level 19.7 Invocations
 + Level 5.5 Evocations


You had 26 spell levels left.
You didn't know any spells.
Your spell library contained the following spells:

 Spells                   Type           Power      Damage    Failure   Level
 Apportation              Tloc           0%         N/A       90%         1
 Kiss of Death            Conj/Necr      0%         2d5       90%         1
 Magic Dart               Conj           0%         1d3       90%         1
 Necrotise                Necr           0%         1d4       90%         1
 Sandblast                Erth           0%         2d4       90%         1
 Shock                    Conj/Air       0%         1d3       90%         1
 Slow                     Hex            0%         N/A       90%         1
 Sting                    Conj/Alch      0%         1d3       90%         1
 Summon Small Mammal      Summ           0%         N/A       90%         1
 Blink                    Tloc           0%         N/A       97%         2
 Call Imp                 Summ           0%         N/A       97%         2
 Cigotuvi's Dreadful Rot  Necr/Alch/Air  0%         N/A       97%         2
 Jinxbite                 Hex            0%         N/A       97%         2
 Lesser Beckoning         Tloc           0%         N/A       97%         2
 Mercury Vapours          Alch/Air       0%         N/A       97%         2
 Momentum Strike          Conj/Tloc      0%         3d8       97%         2
 Scorch                   Fire           0%         2d5       97%         2
 Sublimation of Blood     Necr           0%         N/A       97%         2
 Call Canine Familiar     Summ           0%         N/A       99%         3
 Confusing Touch          Hex            0%         N/A       99%         3
 Dazzling Flash           Conj/Hex       0%         N/A       99%         3
 Gell's Gravitas          Tloc           0%         N/A       99%         3
 Hailstorm                Conj/Ice       0%         3d5       99%         3
 Mephitic Cloud           Conj/Alch/Air  0%         N/A       99%         3
 Ozocubu's Armour         Ice            0%         N/A       99%         3
 Passwall                 Erth           0%         N/A       99%         3
 Sigil of Binding         Hex            0%         N/A       99%         3
 Stone Arrow              Conj/Erth      0%         3d7       99%         3
 Swiftness                Air            0%         N/A       99%         3
 Teleport Other           Tloc           0%         N/A       99%         3
 Tukima's Dance           Hex            0%         N/A       99%         3
 Vampiric Draining        Necr           0%         2d6       99%         3
 Volatile Blastmotes      Fire/Tloc      0%         2d10      99%         3
 Airstrike                Air            0%         2d(0-16)  100%        4
 Animate Armour           Summ/Erth      0%         N/A       100%        4
 Brom's Barrelling Bould  Conj/Erth      0%         2d3       100%        4
 Cause Fear               Hex            0%         N/A       100%        4
 Dimensional Bullseye     Hex/Tloc       0%         N/A       100%        4
 Dispel Undead            Necr           0%         3d6       100%        4
 Flame Wave               Conj/Fire      0%         2d4       100%        4
 Fulminant Prism          Conj/Alch      0%         3d5       100%        4
 Ignite Poison            Fire/Alch      0%         N/A       100%        4
 Iskenderun's Mystic Bla  Conj/Tloc      0%         2d3       100%        4
 Leda's Liquefaction      Alch/Erth      0%         N/A       100%        4
 Martyr's Knell           Necr/Summ      0%         N/A       100%        4
 Olgreb's Toxic Radiance  Alch           0%         N/A       100%        4
 Sticky Flame             Fire/Alch      0%         2d4       100%        4
 Summon Blazeheart Golem  Fire/Summ      0%         N/A       100%        4
 Vhi's Electric Charge    Tloc/Air       0%         N/A       100%        4
 Alistair's Intoxication  Alch           0%         N/A       100%        5
 Arcjolt                  Conj/Air       0%         1d10      100%        5
 Borgnjor's Vile Clutch   Necr/Erth      0%         N/A       100%        5
 Curse of Agony           Necr           0%         N/A       100%        5
 Fireball                 Conj/Fire      0%         3d3       100%        5
 Freezing Cloud           Conj/Ice/Air   0%         6-21      100%        5
 Irradiate                Conj/Alch      0%         3d11      100%        5
 Iskenderun's Battlesphe  Conj           0%         2d6       100%        5
 Lee's Rapid Deconstruct  Erth           0%         3d4*      100%        5
 Metabolic Englaciation   Hex/Ice        0%         N/A       100%        5
 Silence                  Hex/Air        0%         N/A       100%        5
 Summon Forest            Summ/Tloc      0%         N/A       100%        5
 Summon Mana Viper        Hex/Summ       0%         N/A       100%        5
 Bombard                  Conj/Erth      0%         9d1       100%        6
 Conjure Ball Lightning   Conj/Air       0%         3x3d6     100%        6
 Death Channel            Necr           0%         N/A       100%        6
 Dispersal                Tloc           0%         N/A       100%        6
 Eringya's Noxious Bog    Alch           0%         4d6       100%        6
 Plasma Beam              Fire/Air       0%         2x1d10    100%        6
 Sculpt Simulacrum        Ice/Alch       0%         N/A       100%        6
 Starburst                Conj/Fire      0%         6d3       100%        6
 Summon Cactus Giant      Summ           0%         N/A       100%        6
 Haunt                    Necr/Summ      0%         N/A       100%        7
 Orb of Destruction       Conj           0%         9d5       100%        7
 Ozocubu's Refrigeration  Ice            0%         4d7       100%        7
 Spellforged Servitor     Conj/Summ      0%         N/A       100%        7
 Summon Hydra             Summ           0%         N/A       100%        7
 Borgnjor's Revivificati  Necr           0%         N/A       100%        8
 Discord                  Hex            0%         N/A       100%        8
 Disjunction              Tloc           0%         N/A       100%        8
 Ignition                 Fire           0%         3d3       100%        8
 Lehudib's Crystal Spear  Conj/Erth      0%         10d2      100%        8
 Maxwell's Capacitive Co  Air            0%         ∞         100%        8
 Chain Lightning          Conj/Air       0%         N/A       100%        9
 Death's Door             Necr           0%         N/A       100%        9
 Dragon's Call            Summ           0%         N/A       100%        9
 Fire Storm               Conj/Fire      0%         5d1       100%        9
 Shatter                  Erth           0%         3d5*      100%        9


Dungeon Overview and Level Annotations

Branches:
Dungeon (15/15)            Temple (1/1) D:7            Lair (5/5) D:8
  Swamp (4/4) Lair:3       Spider (4/4) Lair:3        Slime (5/5) Lair:5
    Orc (2/2) D:12            Elf (3/3) Orc:2        Vaults (5/5) D:13
  Crypt (3/3) Vaults:2       Tomb (3/3) Crypt:3      Depths (4/4) D:15
   Hell (visited)             Dis (0/7) Hell            Geh (7/7) Hell
    Coc (0/7) Hell            Tar (6/7) Hell            Zot (0/5) Depths:4
  Sewer (visited)         Ossuary (visited)          WizLab (visited)
Gauntlet (visited)

Altars:
Ashenzari
Cheibriados
Dithmenos
Elyvilon
Fedhas
Gozag
Hepliaklqana
Kikubaaqudgha
Makhleb
Nemelex Xobeh
Okawaru
Qazlal
Ru
Sif Muna
Trog
Uskayaw
Vehumet
Wu Jian
Xom
Yredelemnul
Zin
The Shining One
Jiyva

Shops:
D:1 *   D:5 =   D:8 [   D:9 (   D:12 (   Orc:2 (!*?   Elf:1 (=   Elf:2 =
Vaults:3 [   Vaults:4 *   Depths:3 *   Depths:4 :=:

Portals:
Hell: Depths:1 Depths:2 Depths:3 Depths:4
Abyss: Swamp:2 Depths:3 Depths:4
Pandemonium: Depths:2
Ziggurat: Depths:1

Annotations:
D:10 2 transporters


Innate Abilities, Weirdness & Mutations

You have a pair of horns on your head.
You reflexively headbutt those who attack you in melee.
You are partially covered in iridescent scales. (AC +2)
Your flesh is heat resistant. (rF+)
You are frail. (-10% HP)


Message History

* * * LOW HITPOINT WARNING * * *
x2 You feel extremely sick.
You block the putrid mouth's attack. x2
You block the spectral iron giant's attack.
You feel better.
You are engulfed in dark miasma.
* * * LOW HITPOINT WARNING * * *
The Tzitzimitl calls on the powers of darkness!
Your body is wracked with pain!
* * * LOW HITPOINT WARNING * * *
You block the putrid mouth's attack. x2; The spectral juggernaut misses you.
You block the spectral juggernaut's attack.
The spectral iron giant hits you!! The Shining One protects you from harm!
The Tzitzimitl gestures at you.
The bolt of negative energy hits you but does no damage.
You resist.
You feel better.
You block the spectral juggernaut's attack. x2
You block the putrid mouth's attack. x2
The spectral iron giant hits you but does no damage.
The Tzitzimitl calls on the powers of darkness!
Your body is wracked with pain!
* * * LOW HITPOINT WARNING * * *
The putrid mouth closely misses you.
The putrid mouth claws you but does no damage.
The spectral iron giant hits you!
* * * LOW HITPOINT WARNING * * *
You feel better. You block the Tzitzimitl's attack.
The Tzitzimitl barely misses you. The putrid mouth throws miasma at you.
The foul vapour engulfs you but does no damage.
You block the spectral juggernaut's attack.
The spectral juggernaut hits you but does no damage.
You block the spectral iron giant's attack.
You block the Tzitzimitl's attack. The Tzitzimitl barely misses you.
You feel better.
You are engulfed in dark miasma.
You are poisoned.
You feel as though you will be slow longer.
* * * LOW HITPOINT WARNING * * *
You die...

.... ###...#
###...^.#
###.......
##........####
#............#
.......(..°..#
.........ZWZ.#
.......†.1@°##
........∩Z°°#
............#
....#......##
..###......# .
#......#
##....##
#....# ##..##


You could see a Tzitzimitl (unsilenced), a putrid mouth (catching breath), a
spectral iron giant and 2 spectral juggernauts.

Vanquished Creatures
  Asmodeus (Geh:7)
  the Royal Jelly (Slime:5)
  3 ancient liches
  Frederick (Vaults:5)
  Khufu (Crypt:2)
  A dread lich (Crypt:3)
  Mara (Swamp:2)
  Mennas (Vaults:2)
  9 juggernauts
  Xtahua (Vaults:4)
  35 royal mummies
  Boris (Depths:2)
  Vv (Crypt:1)
  Margery (Crypt:2)
  13 caustic shrikes
  Geryon (Hell)
  4 golden dragons
  Nikola (Vaults:1)
  2 profane servitors
  A pearl dragon (Abyss:1)
  5 bone dragons
  5 hellephants
  6 tentacled monstrosities
  14 doom hounds
  10 Brimstone Fiends
  A shard shrike zombie (Crypt:1)
  A spectral shard shrike (Tar:2)
  A shard shrike skeleton (Abyss:4)
  2 walking earthen tomes
  4 tainted leviathans
  The ghost of yogurtking the Cardsharp, an adept HOFi of Nemelex Xobeh (Swamp:4)
  4 deep elf blademasters
  15 titans
  Grunn (Depths:2)
  9 liches
  15 sphinxes
  2 quicksilver dragons (Depths:3)
  5 deep elf master archers
  23 acid blobs
  16 searing wretches
  The ghost of spaghetti the Marksdemonspawn, an adept DsHu of Gozag (Elf:3)
  An ancient champion (Crypt:2)
  A thorn hunter (Swamp:4)
  Agnes (Spider:1)
  10 tentacled starspawn
  25 fire giants
  Donald (Swamp:2)
  A strange machine (WizLab)
  7 storm dragons
  3 daevas
  8 tengu reavers
  8 rockslimes
  4 shadow dragons
  3 revenants
  Aizul (Spider:3)
  2 draconian knights
  3 fenstrider witches
  12 azure jellies
  8 deep elf sorcerers
  5 iron dragons
  15 frost giants
  16 balrugs
  21 vault wardens
  4 deep elf elementalists (Elf:3)
  A draconian shifter (Depths:4)
  7 emperor scorpions (Spider:4)
  5 spectral caustic shrikes (Depths:2)
  4 ghouls
  A draconian scorcher (Abyss:4)
  4 ghost moths (Spider:4)
  A caustic shrike zombie (Crypt:3)
  A spectral juggernaut (Tar:2)
  A curse skull (Vaults:2)
  6 orc warlords
  8 reapers
  2 spriggan defenders (Depths:3)
  A formless jellyfish (Vaults:3)
  An angel (Depths:1)
  24 very ugly things
  An ophan (Abyss:4)
  The ghost of xfalz the Thaumaturge, a journeyman GnSk of Ashenzari (Swamp:2)
  12 ironbound preservers
  A cacodemon (Abyss:4)
  5 putrid mouths
  A broodmother (Spider:4)
  7 quicksilver oozes
  9 vampire knights
  4 ironbound thunderhulks
  22 stone giants
  14 bennus
  2 lorocyprocas (Abyss:4)
  16 deep elf death magi
  6 deep elf demonologists
  5 eleionomae
  2 green draconians (Depths:4)
  A purple draconian (Depths:4)
  3 bunyips
  7 deep elf annihilators
  7 spark wasps
  14 dire elephants
  2 black draconians (Depths:4)
  5 war gargoyles
  3 yellow draconians
  The ghost of Caclecre the Warrior, a journeyman DsGl of Makhleb (Lair:3)
  4 minotaurs
  2 white draconians
  30 mummy priests
  9 fire dragons
  16 eidola
  14 yaktaur captains
  10 ettins
  2 spectral spriggans
  The ghost of raguz the Destroyer, a journeyman DsCj of Vehumet (Orc:2)
  A crystal guardian (Vaults:2)
  A green death (Abyss:4)
  3 iron golems (Hell)
  2 quicksilver dragon zombies
  A blizzard demon (Hell)
  9 ice dragons
  5 jiangshi
  2 deep elf high priests
  92 slime creatures
  8 rakshasas
  A merfolk impaler (Depths:3)
  An entropy weaver (Spider:2)
  3 spriggan zombies
  A merfolk avatar (Lair:5)
  An ironbound frostheart (Vaults:3)
  12 great orbs of eyes
  5 spriggan air magi
  10 salamander tyrants
  35 vault guards
  3 peacekeepers
  8 centaur warriors
  A ghost crab (Swamp:3)
  A boulder beetle (shapeshifter) (Abyss:4)
  3 spriggan skeletons
  7 alligators
  A radroach (Spider:2)
  9 stokers
  A catoblepas (D:14)
  22 hydras
  6 death knights
  2 ogre magi (Depths:2)
  A spectral stone giant (Tar:1)
  14 deep troll earth magi
  2 demonic crawlers
  3 two-headed ogres (D:9)
  5 boulder beetles
  36 dancing weapons
  4 tengu warriors
  15 deep troll shamans
  47 death scarabs
  7 orc high priests
  47 hell hogs
  An occultist (D:15)
  A titan zombie (Crypt:1)
  9 vampire magi
  5 naga warriors
  A shock serpent (shapeshifter) (Vaults:5)
  7 thrashing horrors
  A naga sharpshooter (Vaults:4)
  2 spectral dire elephants (Tar:1)
  6 spriggan berserkers
  13 soul eaters
  23 deep elf knights
  4 shadow wraiths
  9 sun demons
  8 wretched stars
  16 hell knights
  6 sixfirhies
  34 skeletal warriors
  4 skysharks
  A storm dragon zombie (Tomb:1)
  A spectral bunyip (Tar:1)
  22 iron trolls
  An anaconda zombie (Tomb:3)
  6 pharaoh ants
  A storm dragon skeleton (Crypt:1)
  A spark wasp zombie (D:15)
  3 spatial maelstroms (Abyss:4)
  A quicksilver dragon simulacrum (Hell)
  2 spectral anacondas (Tar:1)
  6 goliath frogs
  9 glowing orange brains
  A glowing orange brain (shapeshifter) (Vaults:5)
  25 deep elf archers
  A bunyip zombie (Crypt:1)
  A naga ritualist (Vaults:4)
  12 large abominations
  10 spriggan druids
  A spectral hydra (Tar:4)
  5 arcanists
  57 deep trolls
  12 swamp dragons
  4 orb spiders
  5 bog bodies
  13 ironbound convokers
  3 flayed ghosts
  2 spriggan simulacra
  14 phantasmal warriors
  A shadow dragon zombie (Crypt:3)
  Pikel (D:8)
  An iron giant skeleton (Tomb:2)
  23 orc knights
  23 necromancers
  4 lindwurms
  11 steelbarb worms
  3 harpies (Vaults:2)
  12 wolf spiders
  41 deep elf pyromancers
  3 anaconda skeletons
  35 deep elf zephyrmancers
  4 draconians (Abyss:4)
  5 shining eyes
  47 ugly things
  12 orc sorcerers
  5 worldbinders
  A wolf spider (shapeshifter) (Vaults:5)
  3 will-o-the-wisps
  A meliai (shapeshifter) (Elf:3)
  3 meliai (Spider:4)
  10 cyclopes
  4 spectral centaurs
  An iron dragon skeleton (Crypt:1)
  3 manticores
  2 centaur zombies (Crypt:3)
  2 kobold blastminers (Orc:2)
  A naga zombie (Crypt:3)
  5 moths of wrath
  8 frost giant skeletons
  A guardian serpent (Abyss:1)
  6 rust devils
  8 black mambas
  4 elephants (Lair:5)
  3 orange demons
  3 apocalypse crabs
  2 water nymphs (Swamp:2)
  15 vault sentinels
  A black mamba (shapeshifter) (Elf:3)
  3 dire elephant zombies
  A titan simulacrum (Tomb:2)
  5 eyes of devastation
  A water nymph (shapeshifter) (Depths:3)
  6 stone giant skeletons
  8 torpor snails
  A centaur skeleton (Tomb:1)
  8 molten gargoyles (Geh:7)
  13 cane toads
  2 unseen horrors (shapeshifter)
  11 smoke demons
  A torpor snail (shapeshifter) (Vaults:5)
  A kobold demonologist (D:9)
  7 komodo dragons
  29 yaktaurs
  3 unseen horrors
  5 naga skeletons
  14 hellions
  3 dire elephant skeletons
  7 freezing wraiths
  2 efreet
  5 rime drakes
  50 guardian mummies
  A komodo dragon (shapeshifter) (Abyss:4)
  A death yak skeleton (Crypt:1)
  8 tormentors
  7 ancient zymes (Abyss:4)
  2 ice devils (Hell)
  3 tengu conjurers
  7 trolls
  2 silent spectres (Tar:4)
  A yellow draconian skeleton (Crypt:2)
  2 red devils (Hell)
  2 harpy zombies
  A queen bee (shapeshifter) (D:13)
  A wolf spider simulacrum (D:15)
  2 bloated husks
  17 hellwings
  18 hornets
  Grinder (D:3)
  5 polar bears
  3 harpy skeletons
  3 spectral harpies (Tar:1)
  8 blink frogs
  3 ettin zombies
  3 dream sheep (shapeshifter)
  An iron dragon simulacrum (Tomb:2)
  8 tyrant leeches
  21 tarantellas
  8 raiju
  7 glass eyes
  9 dream sheep (Lair:5)
  3 snapping turtles (Lair:5)
  A human simulacrum (Vaults:3)
  30 jumping spiders
  9 ynoxinuls
  13 culicivoras
  2 shadows
  9 water elementals
  7 air elementals
  19 ushabtiu
  3 ettin skeletons
  26 spriggans
  11 wyverns
  16 humans (D:13)
  A warg (shapeshifter) (Abyss:4)
  61 yaks
  16 wraiths
  60 redbacks
  2 golden eyes (Slime:4)
  5 fire elementals
  A neqoxec (Abyss:4)
  3 basilisks
  2 steam dragons
  4 vampire mosquitoes
  16 swamp worms
  2 wargs
  4 chaos spawn
  5 nagas
  An ogre zombie (Vaults:3)
  3 spatial vortices (Abyss:4)
  2 two-headed ogre skeletons
  9 hell hounds
  13 water moccasins
  Duvessa (D:4)
  9 swamp drakes
  42 orc warriors
  A sky beast (Abyss:1)
  22 laughing skulls
  2 ice beasts (D:8)
  7 black bears
  A blink frog zombie (Crypt:2)
  10 small abominations
  3 ogres
  4 boggarts
  A wolf (shapeshifter) (D:15)
  25 starcursed masses
  6 centaurs
  13 wolves
  A phantom (D:6)
  3 kobold brigands
  A weeping skull (Abyss:4)
  13 bullfrogs
  A necrophage (Crypt:2)
  Blork the orc (D:4)
  4 scorpions
  5 earth elementals
  An entropy weaver simulacrum (Vaults:3)
  8 wights
  10 wyvern skeletons (Crypt:3)
  Dowan (D:4)
  A cyclops skeleton (Crypt:1)
  A burial acolyte (Ossuary)
  14 killer bees
  A raiju skeleton (Crypt:2)
  A swamp dragon simulacrum (Hell)
  An electric eel (Spider:4)
  2 shapeshifter skeletons
  11 howler monkeys
  2 bombardier beetles
  2 crimson imps (Gauntlet)
  4 quasits
  2 human zombies
  19 orc priests
  6 hounds
  6 jellies
  An iron imp (Abyss:1)
  12 hell rats
  A sleepcap (D:7)
  4 iguanas (D:5)
  42 orc wizards
  A sky beast zombie (Crypt:2)
  A crocodile skeleton (Crypt:2)
  64 mummies
  Robin (D:4)
  12 adders
  4 river rats (Lair:3)
  A steam dragon skeleton (Crypt:1)
  A shadow imp (D:7)
  6 white imps
  2 ufetubi
  10 dart slugs
  2 ribbon worms
  91 orcs
  5 bats
  19 endoplasms
  13 giant cockroaches
  9 goblins
  8 hobgoblins
  8 jackals
  4 quokkas
  16 ball pythons
  An endoplasm zombie (Crypt:1)
  11 frilled lizards
  8 gnoll skeletons (Ossuary)
  A jackal zombie (D:5)
  13 kobolds
  7 kobold skeletons (Ossuary)
  5 orc skeletons (Ossuary)
  30 rats
  A spectral orc (D:8)
  4 creeping infernos (Geh:7)
  13 fire vortices
  2 spectral weapons
  8 starspawn tentacles
3224 creatures vanquished.

Vanquished Creatures (others)
  A sphinx (Tomb:1)
  A deep elf zephyrmancer (Elf:3)
  A hellion (Geh:7)
  3 bloated husks
  2 tyrant leeches
  A ynoxinul (Abyss:1)
  A butterfly (Depths:1)
  5 creeping infernos
  A fire vortex (Geh:7)
  10 foxfires
  A lurking horror (Abyss:1)
  9 starspawn tentacles
36 creatures vanquished.

Grand Total: 3260 creatures vanquished

Notes
Turn   | Place    | Note
-------+----------+-------------------------------------------
     0 | D:1      | qdestroyer the Minotaur Fighter began the quest for the
                  | Orb.
     0 | D:1      | Reached XP level 1. HP: 19/19 MP: 0/0
   246 | D:1      | Reached XP level 2. HP: 27/27 MP: 1/1
   337 | D:1      | Found a faded altar of an unknown god.
   395 | D:1      | Found Nuokhlui's General Store.
   401 | D:1      | Bought a scroll of teleportation for 30 gold pieces
   911 | D:2      | Reached XP level 3. HP: 33/33 MP: 2/2
  1469 | D:3      | Found a basalt altar of Yredelemnul.
  1563 | D:3      | Noticed Grinder
  1579 | D:3      | Paralysed by Grinder for 2 turns
  1590 | D:3      | Paralysed by Grinder for 2 turns
  1592 | D:3      | Killed Grinder
  1593 | D:3      | Reached skill level 5 in Maces & Flails
  1593 | D:3      | Reached skill level 1 in Dodging
  1593 | D:3      | Reached XP level 4. HP: 23/41 MP: 1/3
  1593 | D:3      | Reached XP level 5. HP: 26/47 MP: 1/4
  2158 | D:3      | Reached XP level 6. HP: 53/53 MP: 5/5
  2209 | D:3      | Reached skill level 5 in Armour
  2389 | D:4      | Noticed Robin
  2401 | D:4      | Killed Robin
  2543 | D:4      | Noticed Duvessa
  2543 | D:4      | Noticed Dowan
  2561 | D:4      | Killed Duvessa
  2562 | D:4      | Reached skill level 5 in Shields
  2565 | D:4      | Killed Dowan
  2566 | D:4      | Reached XP level 7. HP: 58/60 MP: 6/6
  3114 | D:4      | Identified the +5 pair of gloves "Ufounisk" {rF++}
  3301 | D:4      | Noticed Blork the orc
  3308 | D:4      | Killed Blork the orc
  3309 | D:4      | Reached skill level 5 in Fighting
  3516 | D:1      | Bought a +2 cloak for 165 gold pieces
  3611 | D:5      | Entered Level 5 of the Dungeon
  3621 | D:5      | Found a sand-covered staircase.
  3658 | Ossuary  | Entered an ossuary
  3670 | Ossuary  | Reached skill level 1 in Axes
  3754 | Ossuary  | Found an ancient bone altar of Kikubaaqudgha.
  3761 | Ossuary  | Reached XP level 8. HP: 69/69 MP: 7/7
  3918 | D:5      | Found an ancient bone altar of Kikubaaqudgha.
  3931 | D:5      | Found an iron altar of Okawaru.
  3937 | D:5      | Became a worshipper of Warmaster Okawaru
  3984 | D:5      | Found Ekusounk's Jewellery Emporium.
  4005 | D:5      | Reached skill level 5 in Axes
  4317 | D:5      | Reached skill level 1 in Invocations
  4524 | D:6      | Reached * piety under Okawaru
  4530 | D:6      | Reached XP level 9. HP: 69/75 MP: 6/9
  4535 | D:6      | Reached ** piety under Okawaru
  4910 | D:6      | Found a glowing drain.
  4917 | Sewer    | Entered a sewer
  5189 | Sewer    | Reached *** piety under Okawaru
  5280 | D:6      | Identified the ring of Gesm {rElec rC+ rN+ Str+6 Int-5}
  5626 | D:6      | Reached skill level 10 in Axes
  5882 | D:1      | Bought a scroll of identify for 20 gold pieces
  5986 | D:7      | Found a staircase to the Ecumenical Temple.
  6010 | D:7      | Reached XP level 10. HP: 84/84 MP: 12/12
  6044 | D:7      | Found a broken altar of Ashenzari.
  6734 | D:8      | Found a staircase to the Lair.
  6738 | D:8      | Reached **** piety under Okawaru
  6788 | D:8      | Noticed Pikel
  6794 | D:8      | Killed Pikel
  6795 | D:8      | Reached skill level 5 in Invocations
  6891 | D:8      | Found Muxiwnurph's Armour Shop.
  6899 | D:8      | Bought a +1 pair of boots of rampaging for 231 gold pieces
  7060 | D:8      | Found a hazy altar of Hepliaklqana.
  7081 | D:8      | Found a runed translucent door.
  7081 | D:8      | Found a burning altar of Makhleb.
  7081 | D:8      | Noticed a sixfirhy
  7669 | D:8      | Killed a sixfirhy
  7727 | D:9      | Reached ***** piety under Okawaru
  7867 | D:9      | Paralysed by a hornet for 3 turns
  7877 | D:9      | Reached XP level 11. HP: 58/95 MP: 11/14
  8052 | D:9      | Found Exzu's Weapon Shop.
  8464 | D:9      | Noticed a two-headed ogre
  8481 | D:9      | Killed a two-headed ogre
  8481 | D:9      | Received a gift from Okawaru
  8483 | D:9      | Paralysed by a hornet for 3 turns
  8615 | D:9      | Noticed a two-headed ogre
  8624 | D:9      | Killed a two-headed ogre
  8702 | D:9      | Noticed a two-headed ogre
  8713 | D:9      | Killed a two-headed ogre
  8729 | D:9      | Received a gift from Okawaru
  8729 | D:9      | Noticed a centaur warrior
  8732 | D:9      | Noticed a deep elf pyromancer
  8737 | D:9      | Noticed a boulder beetle
  8737 | D:9      | Killed a centaur warrior
  8743 | D:9      | Killed a deep elf pyromancer
  8745 | D:9      | Noticed a red ugly thing
  8755 | D:9      | Killed a red ugly thing
  8766 | D:9      | Killed a boulder beetle
  9004 | D:9      | Identified the amulet of the Kissing Gods {Spirit Int+3}
  9015 | D:9      | Found the +8 pair of quick blades "Gyre" and "Gimble"
                  | {protect}
  9252 | D:10     | Entered Level 10 of the Dungeon
  9263 | D:10     | Reached XP level 12. HP: 106/106 MP: 16/16
  9287 | D:10     | Reached skill level 10 in Fighting
  9287 | D:10     | Reached ****** piety under Okawaru
  9288 | D:10     | Acquired a +0 heavy executioner's axe
  9288 | D:10     | Received a gift from Okawaru
  9290 | D:10     | Acquired the +1 hat of the Dropbear {Will+ Dex+2}
  9290 | D:10     | Received a gift from Okawaru
  9348 | D:10     | Found a transporter.
  9376 | D:10     | Found a transporter.
  9388 | D:10     | Found a transporter.
  9443 | D:10     | Found a snail-covered altar of Cheibriados.
  9590 | D:10     | Found a transporter.
  9720 | D:10     | Received a gift from Okawaru
  9772 | D:10     | Identified the +7 war axe of Tender Mercy {drain, ^Drain
                  | MP+9 Str+6 SInv}
  9879 | D:10     | Found a bloodstained altar of Trog.
 10237 | D:11     | Found a gate leading to a gauntlet.
 10243 | Gauntlet | Entered a Gauntlet
 10243 | Gauntlet | Found a transporter.
 10243 | Gauntlet | Found a transporter.
 10252 | Gauntlet | Found a transporter.
 10270 | Gauntlet | Found a transporter.
 10290 | Gauntlet | Found a transporter.
 10307 | Gauntlet | Found a transporter.
 10408 | Gauntlet | Found a transporter.
 10410 | Gauntlet | Found a large runed translucent door.
 10411 | Gauntlet | Found a large runed translucent door.
 10412 | Gauntlet | Found a large runed translucent door.
 10412 | Gauntlet | Found a large runed translucent door.
 10412 | Gauntlet | Found a runed translucent door.
 10413 | Gauntlet | Found a large runed translucent door.
 10414 | Gauntlet | Noticed a catoblepas
 10415 | Gauntlet | Found a large runed translucent door.
 10416 | Gauntlet | Found a large runed translucent door.
 10416 | Gauntlet | Found a large runed translucent door.
 10418 | Gauntlet | Found a runed translucent gate.
 10420 | Gauntlet | Found a transporter.
 10426 | Gauntlet | Noticed a hell hog
 10427 | Gauntlet | Found a transporter.
 10431 | Gauntlet | Found a transporter.
 10458 | Gauntlet | Found a transporter.
 10460 | Gauntlet | Found a runed translucent gate.
 10460 | Gauntlet | Found a runed translucent gate.
 10463 | Gauntlet | Found a large runed translucent door.
 10464 | Gauntlet | Found a large runed translucent door.
 10466 | Gauntlet | Found a transporter.
 10479 | Gauntlet | Found a large runed translucent door.
 10480 | Gauntlet | Found a large runed translucent door.
 10484 | Gauntlet | Found a runed translucent door.
 10488 | Gauntlet | Found a transporter.
 10496 | Gauntlet | Found a large runed translucent door.
 10496 | Gauntlet | Found a large runed translucent door.
 10497 | Gauntlet | Found a large runed translucent door.
 10498 | Gauntlet | Found a large runed translucent door.
 10500 | Gauntlet | Found a transporter.
 10544 | Gauntlet | Found a transporter.
 10549 | Gauntlet | Noticed a death scarab
 10552 | Gauntlet | Noticed a death scarab
 10568 | Gauntlet | Found a transporter.
 10728 | Gauntlet | Reached skill level 10 in Armour
 10734 | Gauntlet | Identified the amulet "Egane" {Acrobat rC+}
 10819 | Gauntlet | Identified the +0 pair of gloves of the Earth {Int+2}
 10908 | Gauntlet | Identified the +4 spear of Conscience {flame, rPois Int-4
                  | Dex+3 Stlth+}
 10908 | Gauntlet | Noticed a minotaur
 10917 | Gauntlet | Killed a minotaur
 10918 | Gauntlet | Reached skill level 15 in Axes
 11724 | D:12     | Found a staircase to the Orcish Mines.
 11725 | D:12     | Found Duhaqefi's Weapon Shoppe.
 11983 | D:12     | Received a gift from Okawaru
 12751 | D:13     | Reached XP level 13. HP: 114/116 MP: 16/18
 12764 | D:13     | Received a gift from Okawaru
 13686 | D:13     | Found a gate to the Vaults.
 13728 | D:13     | Received a gift from Okawaru
 14115 | D:14     | Reached skill level 10 in Invocations
 14122 | D:14     | Received a gift from Okawaru
 14547 | D:14     | Found a radiant altar of Vehumet.
 14632 | D:14     | Reached XP level 14. HP: 77/126 MP: 13/20
 14648 | D:14     | Reached skill level 10 in Shields
 14913 | D:15     | Entered Level 15 of the Dungeon
 14953 | D:15     | Found a broken altar of Ashenzari.
 14977 | D:15     | Received a gift from Okawaru
 15340 | D:15     | Received a gift from Okawaru
 15360 | D:15     | Found a staircase to the Depths.
 16237 | Lair:1   | Entered Level 1 of the Lair of Beasts
 17242 | Lair:2   | Received a gift from Okawaru
 17912 | Lair:3   | Found a staircase to the Swamp.
 17996 | Lair:3   | Found a broken altar of Ashenzari.
 18562 | Lair:3   | Found a hole to the Spider Nest.
 18570 | Lair:3   | Received a gift from Okawaru
 19396 | Lair:4   | Found a runed translucent gate.
 19396 | Lair:4   | Found a runed translucent gate.
 19397 | Lair:4   | Found a runed translucent gate.
 19398 | Lair:4   | Noticed an acid blob
 19398 | Lair:4   | Noticed an azure jelly
 19399 | Lair:4   | Noticed an acid blob
 19399 | Lair:4   | Noticed an azure jelly
 19400 | Lair:4   | Found a viscous altar of Jiyva.
 19400 | Lair:4   | Noticed an azure jelly
 19400 | Lair:4   | Noticed Caclecre's ghost (journeyman DsGl)
 19400 | Lair:4   | Noticed an acid blob
 19400 | Lair:4   | Noticed an azure jelly
 19400 | Lair:4   | Found the brooch of Shielding {Spirit SH+8}
 19431 | Lair:4   | Reached XP level 15. HP: 36/137 MP: 6/22
 19812 | Lair:4   | Killed an acid blob
 20108 | Lair:3   | Killed Caclecre's ghost
 20347 | Lair:4   | Killed an azure jelly
 20348 | Lair:4   | Killed an azure jelly
 20352 | Lair:4   | Killed an acid blob
 20362 | Lair:4   | Killed an acid blob
 20362 | Lair:4   | Received a gift from Okawaru
 20390 | Lair:4   | Killed an azure jelly
 20609 | Lair:4   | Killed an azure jelly
 20689 | Lair:5   | Entered Level 5 of the Lair of Beasts
 20696 | Lair:5   | Received a gift from Okawaru
 21153 | Lair:5   | Found a staircase to the Slime Pits.
 21153 | Lair:5   | Found a viscous altar of Jiyva.
 21194 | Lair:5   | Received a gift from Okawaru
 21696 | Lair:5   | Identified the +2 ring mail of Yredelemnul's Whim {-Cast
                  | rElec rC+ Dex+3}
 22588 | Spider:1 | Entered Level 1 of the Spider Nest
 22731 | Spider:1 | Identified a scroll of acquirement
 22731 | Spider:1 | Acquired 797 gold pieces
 22763 | Spider:1 | Reached skill level 15 in Fighting
 22951 | Spider:1 | Noticed Agnes
 22961 | Spider:1 | Killed Agnes
 23337 | Spider:1 | Received a gift from Okawaru
 23774 | Spider:2 | Reached XP level 16. HP: 149/149 MP: 24/24
 24071 | Spider:2 | Received a gift from Okawaru
 24730 | Spider:3 | Identified the serpent talisman of Bacuj {rCorr Dex+5}
 24730 | Spider:3 | Noticed Aizul
 24748 | Spider:3 | HP: 4/149 [demonic crawler (8)]
 24751 | Spider:4 | Entered Level 4 of the Spider Nest
 24776 | Spider:4 | HP: 5/150 [wolf spider simulacrum (20)]
 24828 | Spider:4 | Received a gift from Okawaru
 25859 | Spider:4 | Received a gift from Okawaru
 25860 | Spider:4 | Reached skill level 15 in Shields
 26612 | Spider:3 | Killed Aizul
 26914 | Spider:3 | Received a gift from Okawaru
 27108 | Spider:4 | Reached XP level 17. HP: 149/158 MP: 23/25
 27379 | Spider:4 | Got a gossamer rune of Zot
 27672 | Swamp:1  | Entered Level 1 of the Swamp
 28063 | Lair:3   | Reached skill level 15 in Armour
 28298 | Swamp:1  | Received a gift from Okawaru
 28390 | Swamp:1  | Paralysed by a fenstrider witch for 5 turns
 28996 | Swamp:2  | Found a transporter.
 28996 | Swamp:2  | Identified the +3 buckler "Kiafypn" {rCorr Int+3}
 29064 | Swamp:2  | Found a transporter.
 29065 | Swamp:2  | Found a one-way gate to the infinite horrors of the Abyss.
 29065 | Swamp:2  | Noticed xfalz's ghost (journeyman GnSk)
 29094 | Swamp:2  | Noticed Donald
 29118 | Swamp:2  | Killed Donald
 29787 | Swamp:2  | Received a gift from Okawaru
 29788 | Swamp:2  | HP: 8/161 [acid (4)]
 30688 | Swamp:3  | Received a gift from Okawaru
 30936 | Swamp:3  | Noticed Mara
 30939 | Swamp:3  | Noticed qdestroyer's illusion
 31376 | Swamp:3  | Noticed qdestroyer's illusion
 31453 | Swamp:2  | Killed Mara
 31663 | Swamp:4  | Entered Level 4 of the Swamp
 32186 | Swamp:4  | Found a runed translucent gate.
 32186 | Swamp:4  | Found a runed translucent gate.
 32189 | Swamp:4  | Found a runed translucent gate.
 32189 | Swamp:4  | Noticed yogurtking's ghost (adept HOFi)
 32220 | Swamp:4  | Found the amulet of the Four Winds {rN+ Will+++ Clar}
 32243 | Swamp:4  | Killed yogurtking's ghost
 32243 | Swamp:4  | Received a gift from Okawaru
 32267 | Swamp:4  | Identified the +10 scimitar "Dioroqen" {heavy, Str+4}
 33060 | Swamp:4  | Reached XP level 18. HP: 159/171 MP: 26/26
 34083 | Swamp:4  | Got a decaying rune of Zot
 34167 | Swamp:4  | Received a gift from Okawaru
 34745 | Orc:1    | Entered Level 1 of the Orcish Mines
 34786 | Orc:1    | Gained mutation: You do not regenerate when monsters are
                  | visible. [a neqoxec]
 34818 | Orc:1    | Lost mutation: You do not regenerate when monsters are
                  | visible. [potion of mutation]
 34818 | Orc:1    | Gained mutation: You are agile. (Dex +4, Str/Int -1)
                  | [potion of mutation]
 34818 | Orc:1    | Gained mutation: Your mind is acute. (Int +4, Str/Dex -1)
                  | [potion of mutation]
 34818 | Orc:1    | Gained mutation: You are partially covered in iridescent
                  | scales. (AC +2) [potion of mutation]
 35015 | Orc:2    | Entered Level 2 of the Orcish Mines
 35015 | Orc:2    | Found a staircase to the Elven Halls.
 35237 | Orc:2    | Found Tiufrafau's Magic Scroll Emporium.
 35296 | Orc:2    | Found Totrueger's Distillery.
 35300 | Orc:2    | Found Zexzynuh's Assorted Antiques.
 35396 | Orc:2    | Bought a scroll of enchant weapon for 120 gold pieces
 35396 | Orc:2    | Bought a scroll of teleportation for 48 gold pieces
 35399 | Orc:2    | Bought a scroll of enchant weapon for 210 gold pieces
 35401 | Orc:2    | Found Jefem's Antique Weapon Emporium.
 35407 | Orc:2    | Bought 2 potions of might for 112 gold pieces
 35407 | Orc:2    | Bought a potion of heal wounds for 70 gold pieces
 35684 | Orc:2    | Found a runed translucent gate.
 35684 | Orc:2    | Found a runed translucent gate.
 35684 | Orc:2    | Found a runed translucent gate.
 35686 | Orc:2    | Noticed raguz's ghost (journeyman DsCj)
 35993 | Orc:2    | Killed raguz's ghost
 36579 | Elf:1    | Entered Level 1 of the Elven Halls
 36591 | Elf:1    | Received a gift from Okawaru
 37110 | Elf:1    | Paralysed by an air elemental for 1 turns
 37447 | Elf:1    | Found Balioh's Jewellery Shop.
 37454 | Elf:1    | Found Faog's Weapon Boutique.
 37828 | Elf:2    | Found Olihaul's Jewellery Emporium.
 37840 | Elf:2    | Received a gift from Okawaru
 37904 | Elf:2    | Paralysed by an air elemental for 1 turns
 38604 | Elf:2    | Found a huge runed translucent gate.
 38604 | Elf:2    | Found a huge runed translucent gate.
 38605 | Elf:2    | Found a huge runed translucent gate.
 38606 | Elf:2    | Found a huge runed translucent gate.
 38618 | Elf:2    | Found a huge runed translucent gate.
 38650 | Elf:2    | Received a gift from Okawaru
 38651 | Elf:2    | Reached XP level 19. HP: 183/183 MP: 27/27
 39444 | Elf:3    | Entered Level 3 of the Elven Halls
 39785 | Elf:3    | Received a gift from Okawaru
 40104 | Elf:3    | Paralysed by an air elemental for 1 turns
 40126 | Elf:3    | Identified the +10 war axe of Eqaept {freeze, rN+}
 40222 | Elf:3    | Paralysed by an air elemental for 1 turns
 40254 | Elf:3    | Received a gift from Okawaru
 41035 | Elf:3    | Paralysed by an air elemental for 1 turns
 41039 | Elf:3    | Paralysed by an air elemental for 1 turns
 41093 | Elf:3    | Received a gift from Okawaru
 41160 | Elf:3    | Identified the +5 trident of Moesh {freeze, Fly Str-4
                  | Int+3}
 41171 | Elf:3    | Identified the staff of the Skies Above {rPois Int+3 Air
                  | Alchemy}
 41217 | Elf:3    | Identified the +7 dagger of Fundamental Breach {drain, rC+
                  | rCorr Str+3 Int+4}
 41349 | Elf:3    | Identified the +1 leather armour of Gygeur {Str+4}
 41630 | Elf:3    | Found a runed translucent gate.
 41630 | Elf:3    | Found a runed translucent gate.
 41630 | Elf:3    | Found a runed translucent gate.
 41632 | Elf:3    | Noticed spaghetti's ghost (adept DsHu)
 41652 | Elf:3    | Killed spaghetti's ghost
 42364 | Temple   | Entered the Ecumenical Temple
 42375 | Temple   | Fell from the grace of Okawaru
 42375 | Temple   | Became a worshipper of the Shining One
 42662 | Vaults:1 | Entered Level 1 of the Vaults
 42709 | Vaults:1 | Found a flickering gateway to a bazaar.
 42718 | Bazaar   | Entered a bazaar
 42723 | Bazaar   | Found Nojeof's Book Shop.
 42755 | Bazaar   | Found Utwekomn's Book Shop.
 43319 | Vaults:1 | You fall into a shaft and drop 1 floor!
 43389 | Vaults:2 | Found a staircase to the Crypt.
 43684 | Vaults:2 | Reached XP level 20. HP: 180/194 MP: 28/28
 43693 | Vaults:2 | Reached * piety under the Shining One
 44962 | Vaults:3 | Reached ** piety under the Shining One
 46178 | Vaults:3 | Got the Octavo of the Volley
 46210 | Vaults:3 | Found Syemong's Armour Emporium.
 46652 | Vaults:4 | Reached *** piety under the Shining One
 47191 | Vaults:4 | Found Laif's Assorted Antiques.
 47202 | Vaults:4 | Bought a bloodstained plate armour for 1008 gold pieces
 47202 | Vaults:4 | Identified the +0 plate armour of Autotheism {Regen+ Str+7}
                  | (You bought it in a shop on level 4 of the Vaults)
 47263 | Vaults:4 | Noticed Xtahua
 47275 | Vaults:4 | Killed Xtahua
 47543 | Vaults:4 | Reached skill level 5 in Dodging
 48113 | Vaults:4 | Was forgiven by Okawaru
 48293 | Vaults:5 | Entered Level 5 of the Vaults
 48293 | Vaults:5 | Reached **** piety under the Shining One
 48293 | Vaults:5 | Identified the orb of the Thoughtful Priests {*channel,
                  | +Blink rElec}
 48293 | Vaults:5 | Noticed Frederick
 48294 | Vaults:5 | Noticed a golden dragon
 48324 | Vaults:5 | Reached XP level 21. HP: 125/206 MP: 29/29
 48330 | Vaults:5 | Killed a golden dragon
 48482 | Vaults:5 | Got a silver rune of Zot
 48552 | Vaults:5 | Noticed a golden dragon
 48569 | Vaults:5 | Killed a golden dragon
 48751 | Vaults:5 | Reached ***** piety under the Shining One
 48828 | Vaults:5 | Killed Frederick
 49015 | Vaults:5 | Identified the amulet "Ufirch" {Faith rN+ Int-5 Dex+5}
 49480 | Vaults:5 | Got the Reference Book on Flinty Violence
 49847 | Vaults:5 | Reached XP level 22. HP: 220/220 MP: 30/30
 50038 | Vaults:5 | Identified the ring "Lieghe" {Will+ rCorr Str+3 Slay-5
                  | Stlth+}
 50087 | Vaults:5 | Reached ****** piety under the Shining One
 50501 | Vaults:1 | Noticed Nikola
 50506 | Vaults:1 | Killed Nikola
 51683 | Swamp:2  | Killed xfalz's ghost
 51719 | Swamp:2  | Paralysed by you for 1 turns
 51745 | Swamp:2  | Identified the +0 pair of gloves of Immorality {rF+ Str-5
                  | SInv}
 51821 | Swamp:2  | Voluntarily entered the Abyss.
 51913 | Abyss:1  | Found a corrupted altar of Lugonu.
 51932 | Abyss:1  | Found a corrupted altar of Lugonu.
 52136 | Abyss:3  | Noticed an ancient lich
 52145 | Abyss:3  | Killed an ancient lich
 52328 | Abyss:4  | Found a corrupted altar of Lugonu.
 52328 | Abyss:4  | Found a corrupted altar of Lugonu.
 52328 | Abyss:4  | Found a transporter.
 52341 | Abyss:4  | Found a transporter.
 52383 | Abyss:4  | Identified the ring of Cavil {Wiz +Blink rN+ SInv}
 52675 | Abyss:4  | Found a corrupted altar of Lugonu.
 52709 | Abyss:4  | Paralysed by accursed screaming for 1 turns
 52722 | Abyss:4  | Found a transporter.
 52806 | Abyss:4  | Found a transporter.
 52826 | Abyss:4  | Found a transporter.
 52831 | Abyss:4  | Got an abyssal rune of Zot
 52967 | Abyss:4  | Found a corrupted altar of Lugonu.
 53060 | Abyss:4  | Reached XP level 23. HP: 231/232 MP: 26/31
 53182 | Swamp:2  | Escaped the Abyss
 53458 | Slime:1  | Entered Level 1 of the Pits of Slime
 53488 | Slime:1  | Gained mutation: You occasionally shout uncontrollably at
                  | your foes. [a shining eye]
 53497 | Slime:1  | Lost mutation: You are partially covered in iridescent
                  | scales. (AC +2) [potion of mutation]
 53497 | Slime:1  | Lost intelligence.
 53497 | Slime:1  | Lost mutation: Your mind is acute. (Int +4, Str/Dex -1)
                  | [potion of mutation]
 53497 | Slime:1  | Lost mutation: You are agile. (Dex +4, Str/Int -1) [potion
                  | of mutation]
 53497 | Slime:1  | Gained mutation: You expend magic power (3 MP) to
                  | strengthen your wands. [potion of mutation]
 53497 | Slime:1  | Gained mutation: You have hidden genetic potential. [potion
                  | of mutation]
 53497 | Slime:1  | Gained mutation: You possess an exceptional clarity of
                  | mind. [potion of mutation]
 53501 | Slime:1  | Lost mutation: You expend magic power (3 MP) to strengthen
                  | your wands. [potion of mutation]
 53501 | Slime:1  | Lost mutation: You possess an exceptional clarity of mind.
                  | [potion of mutation]
 53501 | Slime:1  | Lost mutation: You occasionally shout uncontrollably at
                  | your foes. [potion of mutation]
 53501 | Slime:1  | Gained mutation: Your spells are a little easier to cast,
                  | but a little less powerful. [potion of mutation]
 53664 | Slime:4  | Gained mutation: You occasionally lose the ability to read
                  | scrolls when taking damage. [a shining eye]
 53665 | Slime:5  | Entered Level 5 of the Pits of Slime
 53678 | Slime:5  | Lost mutation: You have hidden genetic potential. [potion
                  | of mutation]
 53678 | Slime:5  | Lost mutation: Your spells are a little easier to cast, but
                  | a little less powerful. [potion of mutation]
 53678 | Slime:5  | Lost mutation: You occasionally lose the ability to read
                  | scrolls when taking damage. [potion of mutation]
 53678 | Slime:5  | Gained mutation: You have large cloven feet. [potion of
                  | mutation]
 53678 | Slime:5  | Lost mutation: You have large cloven feet. [potion of
                  | mutation]
 53678 | Slime:5  | Gained mutation: You occasionally shout uncontrollably at
                  | your foes. [potion of mutation]
 53678 | Slime:5  | Gained mutation: You have large cloven feet. [potion of
                  | mutation]
 53679 | Slime:5  | Lost mutation: You have large cloven feet. [potion of
                  | mutation]
 53679 | Slime:5  | Lost mutation: You occasionally shout uncontrollably at
                  | your foes. [potion of mutation]
 53679 | Slime:5  | Gained mutation: Your muscles are strong. (Str +4, Int/Dex
                  | -1) [potion of mutation]
 53679 | Slime:5  | Gained mutation: Your movements are slightly less
                  | encumbered by armour. (ER -2) [potion of mutation]
 53679 | Slime:5  | Gained mutation: You are frail. (-10% HP) [potion of
                  | mutation]
 53679 | Slime:5  | Gained mutation: You have large cloven feet. [potion of
                  | mutation]
 53680 | Slime:5  | Lost mutation: Your movements are slightly less encumbered
                  | by armour. (ER -2) [potion of mutation]
 53680 | Slime:5  | Lost mutation: Your muscles are strong. (Str +4, Int/Dex
                  | -1) [potion of mutation]
 53680 | Slime:5  | Lost mutation: You are frail. (-10% HP) [potion of
                  | mutation]
 53680 | Slime:5  | Gained mutation: You passively map a small area around you.
                  | [potion of mutation]
 53680 | Slime:5  | Gained mutation: You have supernaturally acute eyesight.
                  | (SInv) [potion of mutation]
 54191 | Slime:5  | Gained mutation: You are frail. (-10% HP) [a shining eye]
 54384 | Slime:5  | Found a viscous altar of Jiyva.
 54596 | Slime:5  | Noticed the Royal Jelly
 54629 | Slime:5  | Killed the Royal Jelly
 54647 | Slime:5  | Identified the ring "Uhomia" {rElec Will+ Str+3 Int-4}
 54674 | Slime:5  | Reached XP level 24. HP: 137/218 MP: 31/31
 54852 | Slime:5  | Got a slimy rune of Zot
 54857 | Slime:5  | Identified the +10 triple crossbow of the End {freeze, rF++
                  | Will-}
 55189 | Slime:5  | Identified a +4 sacred scourge of holy wrath (a +2 demon
                  | whip of venom blessed by the Shining One)
 55189 | Slime:5  | Received a gift from the Shining One
 55780 | Slime:2  | Gained mutation: You occasionally lose the ability to drink
                  | potions when taking damage. [a shining eye]
 55804 | Slime:3  | Reached skill level 10 in Maces & Flails
 55856 | Lair:5   | Lost mutation: You passively map a small area around you.
                  | [potion of mutation]
 55856 | Lair:5   | Lost mutation: You have supernaturally acute eyesight.
                  | (SInv) [potion of mutation]
 55856 | Lair:5   | Gained mutation: You have hidden genetic defects. [potion
                  | of mutation]
 55857 | Lair:5   | Lost mutation: You are frail. (-10% HP) [potion of
                  | mutation]
 55857 | Lair:5   | Lost mutation: You have large cloven feet. [potion of
                  | mutation]
 55857 | Lair:5   | Lost mutation: You occasionally lose the ability to drink
                  | potions when taking damage. [potion of mutation]
 55857 | Lair:5   | Gained mutation: You are clumsy. (Dex -2) [potion of
                  | mutation]
 55857 | Lair:5   | Gained mutation: You are partially covered in iridescent
                  | scales. (AC +2) [potion of mutation]
 55858 | Lair:5   | Lost mutation: You have hidden genetic defects. [potion of
                  | mutation]
 55858 | Lair:5   | Lost mutation: You are clumsy. (Dex -2) [potion of
                  | mutation]
 55858 | Lair:5   | Gained mutation: Your flesh is heat resistant. (rF+)
                  | [potion of mutation]
 56460 | Depths:1 | Entered Level 1 of the Depths
 56698 | Depths:1 | Found a one-way gateway to a ziggurat.
 57783 | Depths:1 | Found a white marble altar of Elyvilon.
 57861 | Depths:1 | Found a shimmering altar of Xom.
 58018 | Depths:1 | Found a gateway to Hell.
 58046 | Depths:1 | Identified the +2 trident of Tenacity {spect, rN+ MP-9
                  | Dex+7 Stlth+}
 58182 | Depths:2 | Found a one-way gate leading to the halls of Pandemonium.
 58237 | Depths:2 | Found a transporter.
 58238 | Depths:2 | Found a radiant altar of Vehumet.
 58309 | Depths:2 | Noticed Boris
 58315 | Depths:2 | Killed Boris
 58868 | Depths:2 | Noticed Grunn
 58887 | Depths:2 | Killed Grunn
 58942 | Depths:2 | Reached XP level 25. HP: 253/253 MP: 31/31
 59254 | Depths:2 | Found a transporter.
 59275 | Depths:2 | Identified the +1 pair of gloves "Mosoinog" {Harm *Corrode
                  | rF+++ Str-3}
 60008 | Depths:3 | Identified the +7 short sword of the Sage {venom, rC+
                  | Will++}
 60131 | Depths:3 | Found an opulent altar of Gozag.
 60145 | Depths:3 | Found Fufeghud's Fire Supplies.
 61003 | Depths:3 | Identified the +1 spear "Qyxurghu" {heavy, rElec Will+
                  | Str+4}
 61233 | Depths:3 | Reached skill level 27 in Fighting
 61251 | Depths:3 | Identified the +0 halberd of Ustrif {drain, rCorr Str+2}
 61252 | Depths:3 | Identified the +1 quarterstaff "Hulih" {freeze, Fly}
 61259 | Depths:3 | Identified the +1 sling "Spiderbane" {drain, rElec rCorr
                  | Int-4 Dex+6}
 61329 | Depths:3 | Noticed a juggernaut
 61347 | Depths:3 | Killed a juggernaut
 61348 | Depths:3 | Reached skill level 15 in Maces & Flails
 61972 | Depths:4 | Entered Level 4 of the Depths
 61987 | Depths:4 | Found a magical portal.
 62003 | WizLab   | Entered Tukima's Studio
 62072 | WizLab   | Identified the +3 hand cannon of Kismet {penet, Stlth+}
 62081 | WizLab   | Noticed qdestroyer's illusion
 62108 | WizLab   | Identified the +5 hand cannon "Gesic" {penet, Will+ Dex+2}
 62131 | WizLab   | Identified the scarf of Eternal Night {harm, rN+}
 62170 | WizLab   | Identified the -1 hat of Simemm {rPois rCorr SInv}
 62339 | Depths:4 | Reached XP level 26. HP: 214/266 MP: 31/31
 62636 | Depths:4 | Reached skill level 27 in Shields
 62962 | Depths:4 | HP: 1/266 [stone giant (16)]
 63545 | Depths:4 | Found Ygio's Jewellery Shop.
 63546 | Depths:4 | Found Setuo's Book Shoppe.
 63546 | Depths:4 | Found Kieg's Book Shoppe.
 63968 | Depths:4 | Found a gate to the Realm of Zot.
 64508 | Crypt:1  | Entered Level 1 of the Crypt
 64508 | Crypt:1  | Noticed Mennas
 64556 | Vaults:2 | Killed Mennas
 64862 | Crypt:1  | Noticed Vv
 64891 | Crypt:1  | Killed Vv
 65479 | Crypt:2  | Noticed Margery
 65513 | Crypt:2  | Killed Margery
 65518 | Crypt:2  | Killed the ghostly Margery
 65642 | Crypt:2  | Noticed Khufu
 65648 | Crypt:2  | Noticed a royal mummy
 65661 | Crypt:2  | Killed Khufu
 65686 | Crypt:2  | Killed a royal mummy
 66421 | Crypt:3  | Entered Level 3 of the Crypt
 67064 | Crypt:3  | Found a staircase to the Tomb.
 67416 | Crypt:3  | Found an ancient bone altar of Kikubaaqudgha.
 67446 | Crypt:3  | Identified the +1 scimitar of Putikk {holy, rF+++ rN+
                  | Stlth-}
 67518 | Crypt:3  | Reached XP level 27. HP: 273/273 MP: 31/31
 67623 | Crypt:3  | Noticed a dread lich
 67625 | Crypt:3  | Noticed an ancient lich
 67633 | Crypt:3  | Killed a dread lich
 67636 | Crypt:3  | Killed an ancient lich
 67647 | Crypt:3  | Identified the staff of the Equator {^Contam rF+ rC+ Str+6
                  | Dex+3 Fire}
 67651 | Crypt:3  | Identified the +6 scale mail of Zealous Miracles {+Inv
                  | rElec Int+3}
 67691 | Crypt:3  | Identified the staff of Terra Nullius {rF+ rN+ Summ Necro
                  | Tloc}
 68246 | Tomb:1   | Entered Level 1 of the Tomb of the Ancients
 68948 | Tomb:1   | Noticed a royal mummy
 68959 | Tomb:1   | Killed a royal mummy
 69958 | Tomb:1   | Noticed a royal mummy
 69967 | Tomb:1   | Killed a royal mummy
 70214 | Tomb:2   | Noticed a royal mummy
 70215 | Tomb:2   | Noticed a royal mummy
 70215 | Tomb:2   | Noticed a royal mummy
 70276 | Tomb:2   | Killed a royal mummy
 70286 | Tomb:2   | Reached skill level 1 in Evocations
 70293 | Tomb:2   | Noticed a royal mummy
 70296 | Tomb:2   | Killed a royal mummy
 70322 | Tomb:2   | Killed a royal mummy
 70332 | Tomb:2   | Lost intelligence.
 70339 | Tomb:2   | Killed a royal mummy
 70580 | Tomb:2   | Noticed a royal mummy
 70586 | Tomb:2   | Lost intelligence.
 70592 | Tomb:2   | Killed a royal mummy
 70989 | Tomb:2   | Reached skill level 27 in Armour
 71175 | Tomb:1   | Noticed a royal mummy
 71175 | Tomb:1   | Noticed a royal mummy
 71177 | Tomb:1   | Noticed a royal mummy
 71178 | Tomb:1   | Killed a royal mummy
 71186 | Tomb:1   | Noticed a royal mummy
 71187 | Tomb:1   | Killed a royal mummy
 71191 | Tomb:1   | Killed a royal mummy
 71200 | Tomb:1   | Killed a royal mummy
 71288 | Tomb:1   | Noticed a royal mummy
 71295 | Tomb:1   | Killed a royal mummy
 71482 | Tomb:1   | Noticed a royal mummy
 71505 | Tomb:1   | Killed a royal mummy
 71506 | Tomb:1   | Noticed a royal mummy
 71512 | Tomb:1   | Killed a royal mummy
 71512 | Tomb:1   | Noticed a royal mummy
 71525 | Tomb:1   | Killed a royal mummy
 71537 | Tomb:1   | Noticed a royal mummy
 71543 | Tomb:1   | Killed a royal mummy
 71552 | Tomb:1   | Noticed a royal mummy
 71557 | Tomb:1   | Killed a royal mummy
 71560 | Tomb:1   | Noticed a royal mummy
 71563 | Tomb:1   | Killed a royal mummy
 71564 | Tomb:1   | Noticed a royal mummy
 71568 | Tomb:1   | Noticed a royal mummy
 71569 | Tomb:1   | Killed a royal mummy
 71577 | Tomb:1   | Killed a royal mummy
 71613 | Tomb:1   | Noticed a royal mummy
 71760 | Tomb:1   | Killed a royal mummy
 71899 | Tomb:1   | Noticed a royal mummy
 71900 | Tomb:1   | Noticed a royal mummy
 71906 | Tomb:1   | Killed a royal mummy
 71918 | Tomb:1   | Killed a royal mummy
 72174 | Tomb:1   | Noticed a royal mummy
 72182 | Tomb:1   | Killed a royal mummy
 72336 | Tomb:1   | Noticed a royal mummy
 72355 | Tomb:1   | Killed a royal mummy
 73192 | Tomb:3   | Entered Level 3 of the Tomb of the Ancients
 73197 | Tomb:3   | Noticed a royal mummy
 73203 | Tomb:3   | Killed a royal mummy
 73212 | Tomb:3   | Noticed a royal mummy
 73236 | Tomb:3   | Reached skill level 10 in Dodging
 73236 | Tomb:3   | Noticed a royal mummy
 73239 | Tomb:3   | Killed a royal mummy
 73243 | Tomb:3   | Killed a royal mummy
 73266 | Tomb:3   | Noticed a royal mummy
 73292 | Tomb:3   | Killed a royal mummy
 73292 | Tomb:3   | Noticed a royal mummy
 73316 | Tomb:3   | Killed a royal mummy
 73317 | Tomb:3   | Reached skill level 15 in Invocations
 73321 | Tomb:3   | Noticed a royal mummy
 73370 | Tomb:3   | Noticed a royal mummy
 73384 | Tomb:3   | Killed a royal mummy
 73408 | Tomb:3   | Gained mutation: You are frail. (-10% HP) [mutagenic glow]
 73409 | Tomb:3   | Noticed a royal mummy
 73418 | Tomb:3   | Killed a royal mummy
 73549 | Tomb:3   | Noticed a royal mummy
 73653 | Tomb:3   | Killed a royal mummy
 73873 | Tomb:3   | Killed a royal mummy
 74064 | Tomb:3   | Got a golden rune of Zot
 74136 | Tomb:3   | Identified the +6 mace "Jihun" {protect, *Slow +Blink
                  | Will+++ SInv}
 74150 | Tomb:3   | Identified the staff "Concordance" {^Fragile rPois Int+6
                  | Alchemy}
 74181 | Tomb:3   | Identified the +6 spear "Efeiri" {vamp, SInv}
 75278 | Hell     | Entered the Vestibule of Hell
 75278 | Hell     | Noticed Geryon
 75300 | Hell     | Killed Geryon
 75440 | Hell     | Found a gateway to the freezing wastes of Cocytus.
 75538 | Hell     | Found a gateway to the Iron City of Dis.
 75789 | Hell     | Found a gateway to the ashen valley of Gehenna.
 75864 | Hell     | Found a gateway to the decaying netherworld of Tartarus.
 75986 | Geh:1    | Entered Level 1 of Gehenna
 76001 | Geh:1    | Noticed a juggernaut
 76007 | Geh:1    | Noticed a juggernaut
 76010 | Geh:1    | Noticed a juggernaut
 76012 | Geh:1    | Killed a juggernaut
 76014 | Geh:1    | Noticed a juggernaut
 76024 | Geh:1    | Killed a juggernaut
 76038 | Geh:1    | Killed a juggernaut
 76044 | Geh:1    | Killed a juggernaut
 76217 | Geh:1    | Noticed a juggernaut
 76221 | Geh:1    | Noticed a juggernaut
 76227 | Geh:1    | Noticed a juggernaut
 76239 | Geh:1    | Killed a juggernaut
 76245 | Geh:1    | Noticed a juggernaut
 76247 | Geh:1    | Killed a juggernaut
 76256 | Geh:1    | Killed a juggernaut
 76265 | Geh:1    | Killed a juggernaut
 76266 | Geh:1    | Reached skill level 15 in Dodging
 76611 | Geh:2    | You fall into a shaft and drop 1 floor!
 77988 | Geh:7    | Entered Level 7 of Gehenna
 78537 | Geh:7    | Reached skill level 5 in Evocations
 79631 | Geh:7    | HP: 6/245 [Brimstone Fiend/damnation (49)]
 79632 | Geh:7    | The Shining One protects you from harm!
 79635 | Geh:7    | The Shining One protects you from harm!
 80491 | Geh:7    | Identified the ring "Kowem" {Fly Will++}
 80625 | Geh:7    | Identified the +2 mace "Fevecsas" {flame, rF- Str+6}
 80756 | Geh:7    | Found the +13 sceptre of Asmodeus
 80756 | Geh:7    | Noticed Asmodeus
 80756 | Geh:7    | Found the +2 cloak of the Thief {*Fog Slay-2 SInv Stlth+}
 80796 | Geh:7    | Killed Asmodeus
 80825 | Geh:7    | Got an obsidian rune of Zot
 80990 | Tar:1    | Entered Level 1 of Tartarus
 81793 | Tar:3    | Noticed an ancient lich
 81799 | Tar:3    | Killed an ancient lich
 82342 | Tar:5    | Noticed an ancient lich
 82342 | Tar:5    | Noticed an ancient lich
 82342 | Tar:5    | Noticed a dread lich
 82381 | Tar:6    | HP: 6/222 [putrid mouth][a doom hound] (13)]
 82381 | Tar:6    | The Shining One protects you from harm!
 82382 | Tar:6    | HP: 1/222 [spectral iron giant[an eidolon] (10)]
 82384 | Tar:6    | Succumbed to a putrid mouth's dark miasma

Illustrated notes

Levels and vault maps discovered:
D:1:      dpeg_arrival_three_smaller_balls, layout_loops_ring, serial_shops,
          nicolae_shop_stone, hellmonk_ecumenical_altar_slurped_away
D:2:      layout_loops_ring, minmay_rat_hole
D:3:      layout_loops_corners, mainiacjoe_overflow_24_doors, uniq_grinder
D:4:      layout_basic, columned_hall_lemuel, serial_bayou_pond_c,
          chequers_serial_rivers_large_a, uniq_duvessa, uniq_blork_the_orc,
          uniq_robin
D:5:      layout_basic, nicolae_overflow_squiral, enter_ossuary_3, serial_shops,
          shop, kennysheep_opposing_triangles
D:6:      minmay_flawed_box, layout_basic,
          mainiacjoe_sewer_entry_somewhere_in_here_2, kennysheep_generic_room_7
D:7:      layout_basic, mainiacjoe_overflow_boulevard, temple_statues
D:8:      layout_loops_corners, nzn_makhleb_speed_demon,
          nicolae_hepliaklqana_monster_ancestors, due_lair_maze_entry_diamond,
          serial_shops, nicolae_diamond_shop, st_stairs_6, uniq_pikel
D:9:      minmay_the_grid_3x3 [minmay_the_grid_holed_spiral,
          minmay_the_grid_outer_diamond, minmay_the_grid_minigrid_small,
          minmay_the_grid_rooms, minmay_the_grid_expand,
          minmay_the_grid_spin_star, minmay_the_grid_large_cup,
          minmay_the_grid_tree, minmay_the_grid_prize_trominoes],
          layout_layer_cave, serial_shops, shop
D:10:     layout_loops_corners, kennysheep_slug_shrine,
          mainiacjoe_overflow_alcove_1, nicolae_transporter_circle
D:11:     layout_gridville, gauntlet_entry_generic, dreamdust_princess_corridor
D:12:     layout_loops_ring, orc_david_3, dk_noncrumbling_3
D:13:     layout_basic, grunt_vaults_entry_tiered
D:14:     layout_rooms, nicolae_vehumet_altar_sigil
D:15:     gammafunk_depths_entry_grave, layout_basic,
          cheibrodos_ashenzari_chains, minmay_misc_feat_plants,
          minmay_misc_feat_ornament
Temple:   nicolae_temple_superstar
Lair:1:   layout_cave_pods, grunt_megastairs_4, serial_bayou_shore_b
Lair:2:   layout_misc_corridors, minivault_25, wad_woods_01
Lair:3:   layout_cave_pods, minmay_swamp_entry_swarm,
          spider_nest_entry_funnel_web, basic_altar, kennysheep_abandoned_house,
          infiniplex_staircase_pool_2, serial_bayou_shore_a
Lair:4:   layout_cave_shapes, gammafunk_ghost_ooze, lemuel_fruit_tree,
          infiniplex_staircase_pool
Lair:5:   gammafunk_lair_ancient_temple, layout_hall_layers,
          nicolae_slime_entry_slimehenge
Swamp:1:  layout_basic_swamp, evilmike_swamp_ruin_wall,
          tekkud_bubbles_buried_in_this_jungle
Swamp:2:  layout_falls_marsh, gammafunk_ghost_abyssal_escape, serial_swamp_ruin,
          evilmike_swamp_ruin_house_2, evilmike_swamp_ruin_rubble_1,
          swamp_pool_1_2, nicolae_swamp_nymph_family_reunion, uniq_donald
Swamp:3:  layout_basic_swamp, evilmike_swamp_ruin_house_4,
          nicolae_swamp_tree_isthmus, uniq_mara
Swamp:4:  swamp, layout_basic_swamp, gammafunk_ghost_hydra_chop
Spider:1: layout_spider_delve, uniq_agnes
Spider:2: layout_spider_delve, guppyfry_spider_mini_1
Spider:3: layout_spider_delve, uniq_aizul
Spider:4: grunt_spider_rune_circles
Slime:1:  layout_caves, nicolae_slime_barrier
Slime:2:  layout_caves
Slime:3:  layout_caves
Slime:4:  cheibrodos_slime_lost_civilization_9, layout_caves, basic_altar
Slime:5:  slime_pit_nicolae_amoeboid
Orc:1:    layout_caves
Orc:2:    st_orc_elflike, layout_caves, maelrawn_ghost_gauntlet_escape
Elf:1:    nicolae_elf_arrival_no_cutting_in_line, layout_gridlike,
          hangedman_corner_corridor, due_unseen_surprise, minmay_shoptagon
Elf:2:    elven_hall_of_blades_hangedman_alternative
          [nicolae_blade_entry_crossed_weapons], layout_gridlike, serial_shops,
          shop, serial_sigils_hangedman_stare
Elf:3:    elf_hall, layout_loops_cross, ebering_ghost_rock_garden,
          corexii_leaking_fountain
Vaults:1: nicolae_vaults_rhombus_5, nicolae_vaults_closet_pinwheel_6,
          nicolae_vaults_heart-shaped_vault,
          nicolae_vaults_shipping_containers_3, nicolae_vaults_border_crossing,
          vaults_mumra_hex, layout_vaults_omnigrid, serial_shops,
          bzr_entry_islet, uniq_nikola
Vaults:2: minmay_crypt_entry_simple_box, nicolae_vaults_closet_pinwheel_4,
          nicolae_vaults_rhombus_6, v_misc_19, hangedman_vaults_corner_blocks,
          nicolae_vaults_trapezoid_lopsided_1, nicolae_vaults_diamond_1,
          grunt_vaults_twisty, v_misc_14, nicolae_vaults_hallways_thing,
          v_misc_5, layout_vaults_maze_bifur
Vaults:3: nicolae_vaults_oval_intersection, ontoclasm_vaults_decontamination,
          ontoclasm_vaults_misaligned, vaults_room_semicircle, v_misc_24,
          nicolae_vaults_diffraction_hallways, v_misc_2, hangedman_vaults_snaps,
          nicolae_vaults_meiosis, nicolae_vaults_more_shelving_2,
          nicolae_vaults_tetromino_Z_2, nicolae_vaults_wine_cellar,
          hangedman_vaults_stretched_pinwheel, layout_vaults_ring, serial_shops,
          nicolae_shop_behind_doors
Vaults:4: nicolae_vaults_closet_pinwheel_1, nicolae_vaults_prndl,
          vaults_room_door_ring, grunt_vaults_hallway_long, vaults_dpeg_cross,
          nicolae_vaults_tetromino_T_2, nicolae_vaults_spaceships,
          vaults_room_grunt_arrival_checkpoint, v_misc_29,
          nicolae_vaults_sightless_eye, v_misc_26, nicolae_vaults_tetromino_Z_1,
          layout_vaults_chaotic_city, serial_shops, shop, uniq_xtahua
Vaults:5: uniq_frederick
Crypt:1:  layout_basic, uniq_vv, uniq_mennas
Crypt:2:  layout_misc_corridors, roderic_lattice_octagonal_star, uniq_margery,
          uniq_khufu
Crypt:3:  evilmike_haunted_forest
Tomb:1
Tomb:2
Tomb:3
Depths:1: layout_honeycomb, enter_ziggurat_d, nicolae_elyvilon_peaceful_grove,
          grunt_hell_entry_dis_old, xom_teletrap_fun
Depths:2: gammafunk_sealed_library, layout_gridville, pf_hell_entry_tar_river,
          rand_demon_pan_entry_3, uniq_grunn, uniq_boris
Depths:3: grunt_twisty_corner, layout_gridlike, nicolae_gozag_seed_capital,
          abyss_entry_small_statue_room, hell_entry, nicolae_shop_fire_sale
          [nicolae_sub_dead_trees], kennysheep_path_1, patterned_corridor,
          infiniplex_staircase_zigzag_1
Depths:4: grunt_zot_entry_hairpin, layout_basic,
          hangedman_abyss_or_decor_passed, mu_enter_wizlab_5,
          abyss_entry_glasseish, hell_entry, minmay_shop_grove,
          grunt_megastairs_5
Hell
Geh:1:    nicolae_hells_titanomachy
Geh:2:    layout_gehenna_lava_caves
Geh:3:    layout_gehenna_pools_triple
Geh:4:    layout_gehenna_lava_caves
Geh:5:    layout_gehenna_lava_caves
Geh:6:    layout_gehenna_pools_basic
Geh:7:    geh_grunt_pentagon
Tar:1:    layout_grid_maze
Tar:2:    layout_grid_maze
Tar:3:    layout_catacombs, nicolae_tar_cuneiform_to_be
Tar:4:    layout_honeycomb
Tar:5:    layout_cathedral_of_symmetry, nicolae_tar_liches_on_tour
Tar:6:    layout_cathedral_of_symmetry

Skill      XL: |  1  2  3  4  5  6  7  8  9 10 11 12 13 14 15 16 17 18 19 20 21 22 23 24 25 26 27 |
---------------+----------------------------------------------------------------------------------+-----
Armour         | 4 5 6 7 9 11 12 13 14 16 17 18 19 21 24 27 | 27.0
Shields        | 4 5 6 7 8 9 11 12 15 17 18 20 21 23 24 25 26 27 | 27.0
Fighting       | 4 5 6 8 9 11 12 13 15 16 17 19 20 21 23 24 25 26 27 | 27.0
Maces & Flails | 5 6 7 9 12 16 21 | 21.8
Dodging        | 1 2 3 4 5 19 | 19.7
Axes           | 2 7 10 12 14 15 17 19 20 21 22 23 24 25 26 | 26.7
Invocations    | 2 4 5 7 8 10 11 12 19 | 19.7
Evocations     | 5 |  5.5

Action                     |  1- 3 |  4- 6 |  7- 9 | 10-12 | 13-15 | 16-18 | 19-21 | 22-24 | 25-27 || total
---------------------------+-------+-------+-------+-------+-------+-------+-------+-------+-------++-------
  Melee: Flail             |   132 |    55 |    18 |       |       |       |       |       |       ||   205
         Headbutt          |    16 |    11 |    32 |    82 |   248 |   339 |   421 |   438 |  1199 ||  2786
         Broad axe         |       |       |   257 |   461 |  1017 |  1481 |   186 |       |       ||  3402
         War axe           |       |       |       |       |       |       |  1240 |   725 |       ||  1965
         Sacred scourge    |       |       |       |       |       |       |       |   383 |  3125 ||  3508
 Invoke: Finesse           |       |       |       |     2 |     3 |     8 |     3 |       |       ||    16
         Receive Weapon    |       |       |       |     1 |       |       |       |       |       ||     1
         Receive Armour    |       |       |       |     1 |       |       |       |       |       ||     1
         Heroism           |       |       |       |       |     1 |     2 |     2 |       |       ||     5
         Brand Weapon With |       |       |       |       |       |       |       |     1 |       ||     1
         Divine Shield     |       |       |       |       |       |       |       |       |     5 ||     5
         Cleansing Flame   |       |       |       |       |       |       |       |       |     2 ||     2
  Evoke: Wand              |       |       |       |       |       |       |       |     1 |     2 ||     3
    Use: Scroll            |       |       |     1 |     8 |    18 |     9 |     4 |    10 |    25 ||    75
         Potion            |       |       |       |       |       |     8 |     3 |    14 |    31 ||    56
   Stab: Distracted        |       |       |       |       |       |     1 |       |       |       ||     1
 Armour: Scale mail        |    55 |       |       |       |       |       |       |       |       ||    55
         Plate armour      |     6 |    36 |   110 |   323 |   549 |   974 |   689 |   180 |       ||  2867
         Gold dragon scale |       |       |       |       |       |       |       |   231 |  1575 ||  1806
  Dodge: Dodged            |   100 |    44 |   192 |   217 |   145 |   307 |   213 |   147 |   507 ||  1872
  Block: Buckler           |    36 |     8 |    74 |    92 |       |   282 |       |       |       ||   492
         Kite shield       |       |       |       |    57 |   564 |   784 |       |       |       ||  1405
         Tower shield      |       |       |       |       |       |   202 |  1235 |   862 |  2765 ||  5064
